 Dungeon Crawl Stone Soup version 0.30.1 (webtiles) character file.

Game seed: 3552868965326382677

1199 Fodor the Cudgeller (level 8, 0/70 HPs)
             Began as a Minotaur Fighter on July 7, 2023.
             Killed from afar by an orc wizard (4 damage)
             ... with a magic dart
             ... on level 6 of the Dungeon.
             The game lasted 00:26:09 (4484 turns).

Fodor the Cudgeller (Minotaur Fighter)              Turns: 4484, Time: 00:26:10

Health: 0/70       AC:  9    Str: 22    XL:     8   Next: 20%
Magic:  7/7        EV: 11    Int:  5    God:
Gold:   323        SH:  0    Dex: 11    Spells: 6/7 levels left

rFire   . . .        j - +3 flail
rCold   + . .        (no shield)
rNeg    . . .        q - +1 ring mail {rC+}
rPois   .            (helmet restricted)
rElec   .            p - +1 cloak
rCorr   .            (no gloves)
SInv    .            (no boots)
Will    +....        (no amulet)
Stlth   +            s - ring of willpower
HPRegen 0.31/turn    (no ring)
MPRegen 0.10/turn

%: no passive effects
@: no status effects
A: horns 2, retaliatory headbutt
a: no special abilities


You were on level 6 of the Dungeon.
You visited 2 branches of the dungeon, and saw 7 of its levels.

You collected 323 gold pieces.

Inventory:

Hand Weapons
 a - a +0 long sword
 b - a +0 shortbow
 j - a +3 flail (weapon)
Armour
 c - a +0 buckler
 p - a +1 cloak (worn)
 q - a +1 ring mail of cold resistance (worn)
Jewellery
 s - a ring of willpower (left hand)
Wands
 i - a wand of charming (13)
 t - a wand of polymorph (3)
Scrolls
 e - 2 scrolls of poison
 g - 2 scrolls of teleportation
 k - 2 scrolls of blinking
 r - a scroll of immolation
 v - a scroll of noise {unknown}
Potions
 d - 3 potions of might
 f - a potion of flight {unknown}
 h - 2 potions of lignification
 l - 3 potions of curing {unknown}
 m - a potion of resistance {unknown}
 n - a potion of heal wounds {unknown}
 o - 2 potions of attraction
 u - a potion of cancellation {unknown}
 w - a potion of degeneration {unknown}


   Skills:
 + Level 5.7 Fighting
 + Level 4.3 Long Blades
 + Level 6.5 Maces & Flails
 + Level 0.1 Ranged Weapons
 + Level 6.2 Armour
 + Level 2.8 Dodging
 + Level 1.3 Stealth
 + Level 5.4 Shields


You had 6 spell levels left.
You knew the following spells:

 Your Spells              Type           Power      Damage    Failure   Level
a - Foxfire               Conj/Fire      0%         2x1d4     63%         1

Your spell library contained the following spells:

 Spells                   Type           Power      Damage    Failure   Level
 Magic Dart               Conj           0%         1d3       63%         1
 Call Imp                 Summ           0%         N/A       77%         2
 Ensorcelled Hibernation  Hex/Ice        0%         N/A       77%         2
 Call Canine Familiar     Summ           0%         N/A       94%         3
 Gell's Gravitas          Tloc           0%         N/A       94%         3
 Inner Flame              Hex/Fire       0%         N/A       94%         3
 Mephitic Cloud           Conj/Pois/Air  0%         N/A       94%         3
 Portal Projectile        Hex/Tloc       0%         N/A       94%         3
 Spider Form              Tmut/Pois      0%         N/A       94%         3
 Teleport Other           Tloc           0%         N/A       94%         3
 Anguish                  Hex/Necr       0%         N/A       100%        4
 Flame Wave               Conj/Fire      0%         2d4       100%        4
 Leda's Liquefaction      Hex/Erth       0%         N/A       100%        4
 Sticky Flame             Conj/Fire      0%         2d3       100%        4
 Fireball                 Conj/Fire      0%         3d3       100%        5
 Dispersal                Tloc           0%         N/A       100%        6
 Plasma Beam              Fire/Air       0%         2x1d11    100%        6
 Starburst                Conj/Fire      0%         6d3       100%        6


Dungeon Overview and Level Annotations

Branches:
Dungeon (6/15)             Temple (1/1) D:6

Altars:
Ashenzari
Cheibriados
Dithmenos
Elyvilon
Fedhas
Hepliaklqana
Okawaru
Ru
Sif Muna
Trog
Uskayaw
Vehumet
Yredelemnul
Zin
The Shining One

Shops:
D:2 :   D:4 (


Innate Abilities, Weirdness & Mutations

You have a pair of horns on your head.
You reflexively headbutt those who attack you in melee.


Message History

* * * LOW HITPOINT WARNING * * *
The gnoll hits you from afar with a +0 spear.
* * * LOW HITPOINT WARNING * * *
The water moccasin attacks as you move away!
The water moccasin closely misses you. You furiously retaliate!
You headbutt the water moccasin! The gnoll hits you but does no damage.
The water moccasin bites you.
* * * LOW HITPOINT WARNING * * *
The water moccasin bites you.
* * * LOW HITPOINT WARNING * * *
The gnoll hits you but does no damage. The water moccasin closely misses you.
The gnoll hits you from afar with a +0 spear.
* * * LOW HITPOINT WARNING * * *
The gnoll hits you but does no damage. The gnoll closely misses you.
An orc comes into view. It is wielding a +0 dagger.
The water moccasin barely misses you. You furiously retaliate!
You headbutt the water moccasin.
You kill the water moccasin!
The water moccasin's corpse dissolves into shadows!
The orc shouts!
Something hits you but does no damage. Something hits you but does no damage.
You hear some strange, mumbled words.
A puff of flame appears from out of thin air!
The puff of flame hits you!
* * * LOW HITPOINT WARNING * * *
A puff of flame appears from out of thin air!
The puff of flame hits you.
* * * LOW HITPOINT WARNING * * *
You open the door. The gnoll hits you but does no damage.
There is an open door here.
You see here a +0 robe.
Something hits the orc.
An orc wizard appears from thin air!
Reactivating autopickup.
A magic dart appears from out of thin air!
Deactivating autopickup; reactivate with Ctrl-A.
The magic dart hits you.
You die...

#.#######.# #.....# #.#
#####.# #.# #....# #.#
#.#### #<########
#.########......####
###......# #..........
#..>..##.###g.........
#.#.#@....{ogg........
######.#.##[#####oo........
#...†.....#.#####.o........
#.....##..#....##..........
#.....##..+................
##.....##.##...[...#####....
#......##.##.......# ####.
#......##+##....#### #.
#...........##### ##


You could see a gnoll sergeant, a gnoll and 2 orcs.

Vanquished Creatures
  Sigmund (D:3)
  A water moccasin (D:5)
  An ice beast (D:6)
  2 ogres
  A centaur (D:4)
  A scorpion (D:6)
  2 howler monkeys
  A hound (D:4)
  2 orc priests
  2 jellies (D:5)
  2 iguanas
  Jessica (D:3)
  Ijyb (D:5)
  An orc wizard (D:6)
  4 gnolls (D:2)
  5 adders
  A shadow imp (D:5)
  A white imp (D:5)
  An ufetubus (D:5)
  A worm (D:2)
  A dart slug (D:3)
  14 orcs
  3 endoplasms
  2 giant cockroaches
  6 hobgoblins
  3 jackals (D:1)
  6 kobolds
  A quokka (D:4)
  5 ball pythons
  4 bats
  3 frilled lizards
  7 goblins
  6 rats
93 creatures vanquished.

Notes
Turn   | Place    | Note
-------+----------+-------------------------------------------
     0 | D:1      | Fodor the Minotaur Fighter began the quest for the Orb.
     0 | D:1      | Reached XP level 1. HP: 19/19 MP: 0/0
   376 | D:1      | Reached XP level 2. HP: 24/27 MP: 1/1
   929 | D:2      | Reached XP level 3. HP: 33/33 MP: 2/2
  1207 | D:2      | Reached XP level 4. HP: 24/40 MP: 3/3
  1549 | D:2      | Found Tonixt's Book Shop.
  1814 | D:3      | Found a broken altar of Ashenzari.
  1882 | D:3      | Found a shimmering blue altar of Sif Muna.
  2038 | D:3      | Found a faded altar of an unknown god.
  2107 | D:3      | Noticed Sigmund
  2113 | D:3      | Killed Sigmund
  2114 | D:3      | Reached skill level 5 in Armour
  2114 | D:3      | Reached XP level 5. HP: 45/47 MP: 4/4
  2137 | D:3      | Found an iron altar of Okawaru.
  2146 | D:3      | Reached XP level 6. HP: 55/55 MP: 5/5
  2250 | D:3      | Noticed Jessica
  2262 | D:3      | Killed Jessica
  2460 | D:4      | Reached skill level 5 in Fighting
  2460 | D:4      | Reached skill level 1 in Dodging
  2934 | D:4      | Found a hazy altar of Hepliaklqana.
  3159 | D:4      | Found Yngaro's Antique Weapon Emporium.
  3253 | D:5      | Entered Level 5 of the Dungeon
  3323 | D:5      | Reached XP level 7. HP: 24/61 MP: 6/6
  3510 | D:5      | Reached skill level 5 in Shields
  3646 | D:5      | Noticed Ijyb
  3651 | D:5      | Reached skill level 1 in Stealth
  3651 | D:5      | Killed Ijyb
  3859 | D:5      | Reached skill level 5 in Maces & Flails
  3863 | D:5      | Learned a level 1 spell: Foxfire
  4082 | D:6      | Reached XP level 8. HP: 63/70 MP: 7/7
  4155 | D:6      | Found a hide-covered altar of Uskayaw.
  4156 | D:6      | Found a glowing golden altar of the Shining One.
  4267 | D:6      | Found a staircase to the Ecumenical Temple.
  4299 | Temple   | Entered the Ecumenical Temple
  4476 | D:6      | HP: 1/70 [something/puff of flame (6)]
  4484 | D:6      | Killed from afar by an orc wizard

Illustrated notes

Levels and vault maps discovered:
D:1:      denvon_arrival_waterhouse, layout_loops_ring
D:2:      layout_basic, serial_shops, nicolae_shop_pleasant_corner_grove
D:3:      layout_loops_ring, nicolae_sif_muna_little_library,
          mainiacjoe_overflow_catch_the_wave, ebering_ecumenical_altar_rust,
          st_stairs_9, uniq_sigmund, uniq_jessica
D:4:      layout_basic, nicolae_hepliaklqana_hazy_memory, serial_shops,
          nicolae_shop_hallway_stairs
D:5:      layout_basic, uniq_ijyb
D:6:      layout_basic, nicolae_qazlal_scattered_showers,
          nicolae_overflow_hidden_temple, minmay_temple_entry_wispy,
          minmay_misc_feat_four_crosses
Temple:   nicolae_temple_figure_zero

Skill      XL: |  1  2  3  4  5  6  7 |
---------------+----------------------+-----
Armour         | 4 5 6 |  6.2
Fighting       | 4 5 |  5.7
Shields        | 4 5 |  5.4
Long Blades    | 3 4 |  4.3
Maces & Flails | 2 4 6 |  6.5
Dodging        | 1 2 |  2.8
Stealth        | 1 |  1.3
Ranged Weapons | |  0.1

Action                     |  1- 3 |  4- 6 |  7- 9 || total
---------------------------+-------+-------+-------++-------
  Melee: Long sword        |    72 |     2 |       ||    74
         Headbutt          |     8 |    18 |     6 ||    32
         Flail             |       |   107 |    58 ||   165
   Fire: Shortbow          |       |       |     4 ||     4
    Use: Scroll            |       |     4 |     2 ||     6
 Armour: Scale mail        |    28 |    33 |       ||    61
         Ring mail         |       |    25 |    45 ||    70
  Dodge: Dodged            |    39 |    62 |    26 ||   127
  Block: Buckler           |    24 |    42 |     5 ||    71
